 Dungeon Crawl Stone Soup version 0.30.1-3-gfc49f6343a (webtiles) character file.

Game seed: 13719886154686066686

39 leafyfresh the Covert (level 3, 0/35 HPs)
             Began as a Gnoll Delver on Aug 4, 2023.
             Slain by an ogre
             ... wielding a +0 giant club
              (18 damage)
             ... on level 4 of the Dungeon.
             The game lasted 00:01:03 (363 turns).

leafyfresh the Covert (Gnoll Delver)                 Turns: 363, Time: 00:01:04

Health: 0/35       AC:  3    Str: 11    XL:     3   Next: 45%
Magic:  4/4        EV: 13    Int:  9    God:
Gold:   36         SH:  0    Dex: 15    Spells: 3/3 levels left

rFire   . . .        a - +0 short sword
rCold   + . .        (no shield)
rNeg    . . .        k - +0 leather armour {rC+}
rPois   .            (no helmet)
rElec   .            (no cloak)
rCorr   .            (no gloves)
SInv    .            (no boots)
Will    .....        (no amulet)
Stlth   ++++         j - ring of flight
HPRegen 0.25/turn    (no ring)
MPRegen 0.09/turn

%: no passive effects
@: flying
A: fangs 1, strong nose, distributed training
a: no special abilities


You were on level 4 of the Dungeon.
You visited 1 branch of the dungeon, and saw 3 of its levels.

You collected 36 gold pieces.

Inventory:

Hand Weapons
 a - a +0 short sword (weapon)
Armour
 b - a +0 leather armour
 k - a +0 leather armour of cold resistance (worn)
Jewellery
 j - a ring of flight (left hand)
Wands
 g - a wand of digging (3)
 i - a wand of roots (6)
Scrolls
 c - a scroll of fog
 d - a scroll of magic mapping
 e - a scroll of fear
 h - a scroll of enchant weapon {unknown}
 l - a scroll of teleportation {unknown}
 m - a scroll of blinking {unknown}
Potions
 f - a potion of haste


   Skills:
 + Level 6.5 Fighting
 + Level 4.5 Short Blades
 + Level 0.9 Long Blades
 + Level 0.9 Axes
 + Level 0.9 Maces & Flails
 + Level 0.9 Polearms
 + Level 0.9 Staves
 + Level 0.9 Ranged Weapons
 + Level 0.9 Throwing
 + Level 0.9 Armour
 + Level 4.5 Dodging
 + Level 9.6 Stealth
 + Level 0.9 Shields
 + Level 0.9 Unarmed Combat
 + Level 0.9 Spellcasting
 + Level 0.6 Conjurations
 + Level 0.6 Hexes
 + Level 0.6 Summonings
 + Level 0.6 Necromancy
 + Level 0.6 Translocations
 + Level 0.6 Transmutations
 + Level 0.6 Fire Magic
 + Level 0.6 Ice Magic
 + Level 0.6 Air Magic
 + Level 0.6 Earth Magic
 + Level 0.6 Poison Magic
 + Level 1.0 Invocations
 + Level 0.9 Evocations


You had 3 spell levels left.
You didn't know any spells.
Your spell library was empty.

Dungeon Overview and Level Annotations

Branches:
Dungeon (6/15)
 Temple: D:4-7

Altars:

Shops:
D:5 *

Annotations:
D:5 Pikel


Innate Abilities, Weirdness & Mutations

You have very sharp teeth.
Your uncanny sense of smell can sniff out nearby items.
Your experience applies equally to all skills.


Message History

There are monsters nearby!
You completely miss the ball python.
The ball python bites you but does no damage.
The ball python grabs you. The ball python constricts you.
You barely miss the ball python. You bite the ball python.
The ball python is moderately wounded.
The ball python bites you. The ball python constricts you.
You hit the ball python.
You kill the ball python!
You hit the hobgoblin. You bite the hobgoblin.
The hobgoblin is almost dead.
The hobgoblin hits you.
You closely miss the hobgoblin.
The hobgoblin is almost dead.
The hobgoblin hits you.
A hobgoblin is nearby!
You barely miss the hobgoblin.
The hobgoblin is almost dead.
The hobgoblin barely misses you.
A hobgoblin is nearby!
You closely miss the hobgoblin.
The hobgoblin is almost dead.
A hobgoblin is nearby!
You hit the hobgoblin.
You kill the hobgoblin!
You now have 36 gold pieces (gained 15).
An ogre comes into view. It is wielding a +0 giant club.
A quokka comes into view.
There are monsters nearby!
The ogre shouts!
A hobgoblin comes into view.
There are monsters nearby!
The hobgoblin shouts!
There are monsters nearby!
The ogre hits you with a +0 giant club! The quokka barely misses you.
Unknown command.
The ogre attacks as you move away!
The ogre hits you with a +0 giant club!!
Ouch! That really hurt!
You die...

#...###.........####..#####..
##.............### #..## ###
#..............# #..## #
#........###..## #..#
#.......## ##.# #..#
#.......# ####...##
##......### ##.....##
##.......####r......#
#..........@O.g.....
#...#######........... ..##
##..#....... .. #..#.......
##......... #.........
#......##. .......#


You could see an ogre, a quokka and a hobgoblin.

Vanquished Creatures
  An iguana (D:4)
  An adder (D:4)
  A ball python (D:4)
  A hobgoblin (D:4)
4 creatures vanquished.

Notes
Turn   | Place    | Note
-------+----------+-------------------------------------------
     0 | D:5      | Reached skill level 9 in Stealth
     0 | D:5      | leafyfresh the Gnoll Delver began the quest for the Orb.
     0 | D:5      | Reached XP level 1. HP: 23/23 MP: 1/1
     7 | D:5      | Noticed Pikel
     9 | D:5      | Noticed a lemure
    10 | D:5      | Noticed a lemure
    11 | D:5      | Found Zatiluni's Specific Store.
    16 | D:5      | Noticed a lemure
    62 | D:6      | Noticed a jelly
   117 | D:6      | Noticed a wight
   118 | D:6      | Noticed a wight
   118 | D:6      | Noticed a wight
   118 | D:6      | Noticed a wight
   136 | D:6      | Noticed an iguana
   159 | D:5      | Noticed an ogre
   162 | D:5      | Noticed an iguana
   169 | D:4      | Noticed an iguana
   173 | D:4      | Killed an iguana
   174 | D:4      | Reached XP level 2. HP: 29/29 MP: 2/2
   174 | D:4      | Reached XP level 3. HP: 35/35 MP: 3/3
   187 | D:4      | Reached skill level 1 in Invocations
   357 | D:4      | Noticed an ogre
   363 | D:4      | Slain by an ogre

Illustrated notes

Levels and vault maps discovered:
D:4:      layout_cave_pods, mainiacjoe_overflow_six_doors_small,
          mainiacjoe_overflow_catwalk, temple_green, serial_shops,
          nicolae_shop_hallway_plus
D:5:      layout_rooms, mainiacjoe_overflow_alcove_2, grunt_ministairs_9,
          nicolae_specific_store, uniq_pikel
D:6:      layout_basic, nicolae_wu_jian_immortal_techniques, fedhas_altar_1

Skill      XL: |  1  2  3 |
---------------+----------+-----
Stealth        | |  9.6
Invocations    | 1 |  1.0
Fighting       | |  6.5
Short Blades   | |  4.5
Long Blades    | |  0.9
Axes           | |  0.9
Maces & Flails | |  0.9
Polearms       | |  0.9
Staves         | |  0.9
Ranged Weapons | |  0.9
Throwing       | |  0.9
Armour         | |  0.9
Dodging        | |  4.5
Shields        | |  0.9
Unarmed Combat | |  0.9
Spellcasting   | |  0.9
Conjurations   | |  0.6
Hexes          | |  0.6
Summonings     | |  0.6
Necromancy     | |  0.6
Translocations | |  0.6
Transmutations | |  0.6
Fire Magic     | |  0.6
Ice Magic      | |  0.6
Air Magic      | |  0.6
Earth Magic    | |  0.6
Poison Magic   | |  0.6
Evocations     | |  0.9

Action                     || total
---------------------------++-------
  Melee: Short sword       ||    20
         Bite              ||     2
   Stab: Sleeping          ||     1
 Armour: Leather armour    ||     1
  Dodge: Dodged            ||     9
